 Dungeon Crawl Stone Soup version 0.24-a0-584-g9d6b971ae4 (webtiles) character file.

Game seed: 4399052641920101728, levelgen mode: deterministic

44 Mithandil the Skirmisher (level 3, -3/29 HPs)
             Began as a Demonspawn Abyssal Knight on Sept 4, 2019.
             Was a Follower of Lugonu.
             Slain by a worker ant (6 damage)
             ... on level 2 of the Dungeon.
             The game lasted 00:05:52 (962 turns).

Mithandil the Skirmisher (Demonspawn Abyssal Knight) Turns: 962, Time: 00:05:53

Health: -3/29      AC:  3    Str: 13    XL:     3   Next: 41%
Magic:  5/5        EV: 11    Int: 13    God:    Lugonu [*.....]
Gold:   71         SH:  0    Dex: 12    Spells: 2/2 levels left

rFire    . . .     SeeInvis .   a - +1 falchion
rCold    . . .     Gourm    .   (no shield)
rNeg     . . .     Faith    .   b - +0 leather armour
rPois    .         Spirit   .   (no helmet)
rElec    .         Reflect  .   (no cloak)
rCorr    .         Harm     .   (no gloves)
MR       .....                  (no boots)
Stlth    ++........             (no amulet)
HPRegen  0.09/turn              d - ring of stealth
MPRegen  0.09/turn              (no ring)

@: lethally poisoned (-3 -> -9)
A: spiny 1, rot immunity
a: Depart the Abyss, Renounce Religion


You were on level 2 of the Dungeon.
You worshipped Lugonu.
Lugonu was aware of your devotion.
You were not hungry.

You visited 1 branch of the dungeon, and saw 3 of its levels.
You visited the Abyss 1 time.

You collected 71 gold pieces.

Inventory:

Hand Weapons
 a - a +1 falchion (weapon)
Missiles
 j - 15 poisoned darts (quivered)
 l - 23 bolts
Armour
 b - a +0 leather armour (worn)
Jewellery
 d - a ring of stealth (left hand)
Scrolls
 g - 2 scrolls of teleportation {unknown}
 h - a scroll of random uselessness {unknown}
 i - a scroll of remove curse {unknown}
 k - a scroll of identify {unknown}
 m - a scroll of amnesia {unknown}
Potions
 e - a potion of cancellation {unknown}
Comestibles
 c - 5 rations
 f - 10 chunks of flesh


   Skills:
 + Level 3.2 Fighting
 * Level 2.4 Long Blades
 + Level 2.0 Armour
 + Level 1.2 Dodging
 + Level 0.7 Stealth
 + Level 0.7 Unarmed Combat
 + Level 2.7 Invocations


You had 2 spell levels left.
You didn't know any spells.
Your spell library was empty.

Dungeon Overview and Level Annotations

Branches:
Dungeon (3/15)

Altars:
The Shining One


Innate Abilities, Weirdness & Mutations

You are partially covered in sharp spines.
You are immune to rotting.


Message History

You closely miss the worker ant.
The worker ant is heavily wounded.
The worker ant bites you. The hobgoblin is struck by your spines.
The hobgoblin hits you.
* * * LOW HITPOINT WARNING * * *
The worker ant bites you.
* * * LOW HITPOINT WARNING * * *
You are lethally poisoned!
The worker ant poisons you!
You completely miss the worker ant.
The worker ant is heavily wounded.
* * * LOW HITPOINT WARNING * * *
You feel sick.
The worker ant waves its antennae.
The worker ant closely misses you. The hobgoblin barely misses you.
You barely miss the worker ant.
The worker ant is heavily wounded.
* * * LOW HITPOINT WARNING * * *
You feel sick. The worker ant bites you.
You die...

#.
#....#.#
....#
####.#.#
#.#.#
#.#..
#.#.#
#.### ...#
..# #..#
### #.%#
#.)#######
#@a......
#g)......
#<.......
..#######
..# ...#
...# ..$.#


You could see a worker ant and a hobgoblin.

Vanquished Creatures
  A dart slug (D:1)
  4 orcs (D:3)
  A ball python (D:3)
  A giant cockroach (D:1)
  4 hobgoblins
  4 kobolds
  A quokka (D:3)
  7 bats
  3 frilled lizards
  3 goblins
  7 rats
36 creatures vanquished.

Notes
Turn   | Place    | Note
-------+----------+-------------------------------------------
     0 | Abyss:1  | Mithandil the Demonspawn Abyssal Knight began the quest for
                  | the Orb.
     0 | Abyss:1  | Reached XP level 1. HP: 18/18 MP: 2/2
    15 | Abyss:1  | Noticed a crystal guardian
    15 | D:1      | Escaped the Abyss
   121 | D:1      | Found a glowing golden altar of the Shining One.
   125 | D:1      | Reached skill level 1 in Dodging
   358 | D:1      | Gained mutation: You are immune to rotting. [demonic
                  | ancestry]
   358 | D:1      | Reached XP level 2. HP: 24/24 MP: 3/3
   398 | D:1      | Reached * piety under Lugonu
   839 | D:3      | Gained mutation: You are partially covered in sharp spines.
                  | [demonic ancestry]
   839 | D:3      | Reached XP level 3. HP: 25/29 MP: 4/4
   962 | D:2      | Slain by a worker ant

Levels and vault maps discovered:
D:1:      wander_arrival_estate, layout_rooms, grunt_decor_arrowhead, tso_altar
D:2:      layout_basic, kennysheep_generic_room_7
D:3:      layout_loops_ring, first_ration, okawaru_altar_gauntlet_db

Skill      XL: |  1  2 |
---------------+-------+-----
Dodging        | 1 |  1.2
Long Blades    | 2 |  2.4
Armour         | 2 |  2.0
Fighting       | |  3.2
Stealth        | |  0.7
Unarmed Combat | |  0.7
Invocations    | |  2.7

Action                   || total
-------------------------++-------
Melee: Falchion          ||    80
Invok: Depart the Abyss  ||     1
  Use: Potion            ||     4
 Stab: Sleeping          ||     5
Armor: Leather armour    ||    23
Dodge: Dodged            ||    49
       Rpst.: Falchion   ||     9

Table legend:
 A = Non-vault XP
 B = Vault XP
 C = Vault XP percentage of total XP
 D = Non-vault monster count
 E = Vault monster count
 F = Vault count percentage of total count
                 A         B        C        D         E       F
            +---------+---------+-------+---------+---------+-------
      Total |      64 |       0 |   0.0 |      36 |       0 |   0.0
            +---------+---------+-------+---------+---------+-------
        D:1 |      33 |       0 |   0.0 |      20 |       0 |   0.0
        D:2 |      11 |       0 |   0.0 |       7 |       0 |   0.0
        D:3 |      20 |       0 |   0.0 |       9 |       0 |   0.0
            +---------+---------+-------+---------+---------+-------
